 Dungeon Crawl Stone Soup version 0.19-a0-1908-g43c011f (webtiles) character file.

14226 dobroeutro the Markscentaur (level 11, -11/107 HPs)
             Began as a Centaur Hunter on Oct 22, 2016.
             Was a High Priest of Okawaru.
             Killed from afar by Azrael (27 damage)
             ... with damnation
             ... on level 12 of the Dungeon.
             The game lasted 00:24:01 (12570 turns).

dobroeutro the Markscentaur (Centaur Hunter)       Turns: 12570, Time: 00:24:01

Health: -11/107    AC:  9    Str: 15    XL:     11   Next: 85%
Magic:  0/9        EV:  8    Int: 11    God:    Okawaru [*****.]
Gold:   799        SH:  0    Dex:  9    Spells: 0 memorised, 10 levels left

rFire  + . .     SeeInvis +     v - +6 longbow (velocity)
rCold  . . .     Gourm    .     F - +0 ring mail {rF+}
rNeg   . . .     Faith    .     (shield currently unavailable)
rPois  .         Spirit   +     c - +0 helmet
rElec  .         Reflect  .     r - +1 cloak
rCorr  .         Harm     .     A - +0 pair of gloves
MR     .....     Rnd*Rage +     (no barding)
Stlth  ..........               y - amulet of guardian spirit
                                x - +3 ring of intelligence
                                s - ring of see invisible

@: very quick
A: hooves 3, berserk 1, blurry vision 1, clumsy 1, deformed body, dopey 1, speed
2, low mp 1, tough skin 3, weak 1
a: Heroism, Finesse, Renounce Religion


You were on level 12 of the Dungeon.
You worshipped Okawaru.
Okawaru was extremely pleased with you.
You were not hungry.

You visited 2 branches of the dungeon, and saw 13 of its levels.
You also visited: Ossuary.

You collected 827 gold pieces.
You spent 28 gold pieces at shops.

Inventory:

Hand Weapons
 b - a +0 short sword
 v - a +6 longbow of velocity (weapon)
 Z - a +1 longbow of flaming
Missiles
 d - 246 arrows (quivered)
Armour
 c - a +0 helmet (worn)
 r - a +1 cloak (worn)
 A - a +0 pair of gloves (worn)
 F - a +0 ring mail of fire resistance (worn)
Rods
 M - a +1 iron rod (14/14)
   (You found it on level 10 of the Dungeon)
Jewellery
 s - a ring of see invisible (left hand)
 x - a +3 ring of intelligence (right hand)
 y - an amulet of guardian spirit (around neck)
 C - an uncursed ring of wizardry
 E - a +2 ring of strength {unknown}
 J - an uncursed amulet of magic regeneration {unknown}
Wands
 i - a wand of lightning (6/15)
 n - a wand of polymorph (2/24)
 z - a wand of iceblast (6/15)
 D - a wand of lightning (14/15)
 I - a wand of hasting (6/9)
 N - a wand of polymorph (12/24)
 O - a wand of paralysis (16/24)
 S - a wand of teleportation (3/9)
Scrolls
 e - 5 scrolls of remove curse
 h - 8 scrolls of blinking
 l - 5 scrolls of amnesia
 o - 3 scrolls of recharging
 q - a scroll of magic mapping
 t - a scroll of enchant armour
 u - 3 scrolls of immolation
 w - 5 scrolls of teleportation
 P - a scroll of fear
Potions
 g - a potion of might {unknown}
 p - 3 potions of heal wounds
 B - 3 potions of cancellation
 G - 5 potions of degeneration {unknown}
 K - 6 potions of curing
 Q - 2 potions of resistance
 R - 2 potions of haste
 T - 4 potions of invisibility {unknown}
 W - a potion of agility
 X - a potion of brilliance {unknown}
 Y - a potion of berserk rage {unknown}
Comestibles
 f - 2 bread rations
 j - 8 meat rations
 k - 6 beef jerkies
 m - 2 slices of pizza
 H - 2 fruits
 V - 12 royal jellies


   Skills:
 + Level 13.2 Fighting
 - Level 3.3 Short Blades
 + Level 16.8 Bows
 - Level 1.3 Dodging
 - Level 0.4 Stealth


You had 10 spell levels left.
You didn't know any spells.

Dungeon Overview and Level Annotations

Branches:
Dungeon (12/15)            Temple (1/1) D:6            Lair (0/6) D:8
    Orc (0/2) D:10

Altars:
Ashenzari
Cheibriados
Dithmenos
Gozag
Hepliaklqana
Kikubaaqudgha
Makhleb
Nemelex Xobeh
Okawaru
Ru
Trog
Uskayaw
Vehumet
Zin
The Shining One

Shops:
D:7 ?   D:9 =

Annotations:
D:12 Azrael


Innate Abilities, Weirdness & Mutations

You have hooves in place of feet.
Armour fits poorly on your strangely shaped body.
You cover ground very quickly.
You have extremely tough skin. (AC +3)
You tend to lose your temper in combat.
Scrolls take you a little longer to read.
You are clumsy. (Dex -2)
You are dopey. (Int -2)
Your magical capacity is low. (-10% MP)
You are weak. (Str -2)


Message History

You shoot an arrow.
The arrow hits Azrael but does no damage.
Azrael is severely wounded.
Azrael hits you with a scimitar of flaming!
Azrael burns you.
A fire elemental comes into view.
Firing (i - inventory):
d - 247 arrows (quivered)
Press: ? - help, Shift-Dir - straight line, f/p - Azrael
Aim: Azrael, wielding a scimitar of flaming (severely wounded)
You shoot an arrow. The arrow hits Azrael!
Azrael is almost dead.
A hell hound comes into view.
Azrael gestures at you.
The sphere of damnation explodes!
The damnation engulfs you!
* * * LOW HITPOINT WARNING * * *
You hear a bark!
Azrael laughs insanely.
Azrael gestures at you.
The sphere of damnation explodes!
The damnation engulfs you!
You die...

#[h§hEhE§h§§§.=#
#######§############.#
.....[.§.>...... #
#######R########
#.####...# ##..>...#.#
#.....###.# #.#.#.#
#.# #.#@..# #.#
#.#######.#
#....(....#
###########


You could see Azrael.

Vanquished Creatures
  Josephine (D:11)
  Erolcha (D:9)
  Harold (D:11)
  Erica (D:8)
  2 unseen horrors (D:10)
  A hill giant (D:10)
  An ugly thing (D:11)
  Joseph (D:10)
  Psyche (D:9)
  A gargoyle (D:11)
  2 hippogriffs
  2 wyverns
  5 wraiths (D:11)
  2 fire elementals (D:12)
  9 yaks
  A hungry ghost (D:11)
  Menkaure (D:5)
  A steam dragon (D:11)
  The ghost of p0werm0de the Gusty, an amateur TeAE (D:4)
  A hell hound (D:12)
  Duvessa (D:7)
  2 water moccasins
  5 ice beasts
  3 orc warriors
  3 sky beasts
  A black bear (D:8)
  4 ogres
  A phantom (D:7)
  4 centaurs
  7 bullfrogs
  Blork the orc (D:4)
  A big kobold (D:9)
  A water moccasin zombie (D:5)
  6 scorpions
  2 water moccasin skeletons
  3 killer bees (D:9)
  Dowan (D:7)
  9 wights
  2 howler monkeys
  A bullfrog zombie (D:5)
  A quasit (D:12)
  5 hounds
  2 centaur zombies (D:10)
  A crimson imp (D:5)
  4 jellies
  An orc priest (D:6)
  A bullfrog skeleton (D:5)
  5 iguanas
  Ijyb (D:2)
  7 orc wizards
  3 worker ants
  2 hound zombies
  2 hound skeletons
  8 mummies (Ossuary)
  2 worker ant zombies
  A howler monkey skeleton (D:9)
  4 gnolls (D:8)
  2 river rats (D:11)
  18 adders
  7 oozes
  3 adder skeletons
  An adder zombie (D:5)
  A worm (D:3)
  3 dart slugs
  5 leopard geckos
  18 orcs
  2 giant cockroaches (D:3)
  3 gnoll zombies (Ossuary)
  8 hobgoblins
  12 jackals
  4 quokkas
  12 bats
  2 frilled lizards
  A giant cockroach zombie (D:6)
  8 goblins
  3 hobgoblin zombies (Ossuary)
  A jackal skeleton (D:4)
  10 kobolds
  2 kobold zombies (Ossuary)
  7 rats
  A fungus (D:5)
278 creatures vanquished.

Vanquished Creatures (others)
  8 fungi (D:5)
8 creatures vanquished.

Grand Total: 286 creatures vanquished

Notes
Turn   | Place    | Note
-------+----------+-------------------------------------------
     0 | D:1      | dobroeutro the Centaur Hunter began the quest for the Orb.
     0 | D:1      | Reached XP level 1. HP: 17/17 MP: 1/1
   133 | D:1      | Reached XP level 2. HP: 17/24 MP: 2/2
   193 | D:1      | Reached skill level 1 in Short Blades
   584 | D:1      | Reached XP level 3. HP: 13/30 MP: 3/3
  1404 | D:2      | Noticed Ijyb
  1455 | D:2      | Killed Ijyb
  1455 | D:2      | Reached XP level 4. HP: 24/38 MP: 4/4
  1639 | D:2      | Reached skill level 6 in Bows
  2306 | D:3      | Found a burning altar of Makhleb.
  2319 | D:3      | Reached XP level 5. HP: 14/45 MP: 5/5
  3012 | D:4      | Noticed p0werm0de's ghost (amateur TeAE)
  3306 | D:4      | Found a bloodstained altar of Trog.
  3375 | D:4      | Killed p0werm0de's ghost
  3375 | D:4      | Reached XP level 6. HP: 44/52 MP: 3/6
  3774 | D:4      | Found a glowing golden altar of the Shining One.
  3797 | D:4      | Reached skill level 7 in Bows
  4004 | D:5      | Entered Level 5 of the Dungeon
  4004 | D:5      | Noticed an ice beast
  4089 | D:5      | Noticed Menkaure
  4099 | D:5      | Noticed Blork the orc
  4424 | D:5      | Reached XP level 7. HP: 57/60 MP: 7/7
  4472 | D:5      | Reached skill level 5 in Fighting
  4619 | D:4      | Killed Blork the orc
  4619 | D:4      | Reached skill level 8 in Bows
  5133 | D:5      | Got an ichor-stained flail
  5144 | D:5      | Identified the +0 flail of Eternity {flame, rF+} (You found it on level 5 of the Dungeon)
  5277 | D:5      | Reached skill level 9 in Bows
  5304 | D:5      | Killed Menkaure
  5304 | D:5      | Reached XP level 8. HP: 60/71 MP: 8/8
  5796 | D:6      | Found a staircase to the Ecumenical Temple.
  5802 | Temple   | Entered the Ecumenical Temple
  5809 | Temple   | Became a worshipper of Warmaster Okawaru
  5913 | D:6      | Reached skill level 10 in Bows
  6089 | D:6      | Found an opulent altar of Gozag.
  6177 | D:6      | Got a polished war axe
  6178 | D:6      | Identified the cursed +1 war axe of Enul {chop, rPois Str+3 Int-5 Stlth+} (You found it on level 6 of the Dungeon)
  6741 | D:5      | Reached * piety under Okawaru
  7058 | D:7      | Found Nofuo's Magic Scroll Boutique.
  7090 | D:7      | Noticed Dowan
  7093 | D:7      | Noticed Duvessa
  7096 | D:7      | Killed Dowan
  7096 | D:7      | Reached skill level 11 in Bows
  7142 | D:7      | Killed Duvessa
  7193 | D:7      | Found a sand-covered staircase.
  7199 | D:7      | Reached XP level 9. HP: 56/81 MP: 9/9
  7213 | Ossuary  | Entered an ossuary
  7573 | D:7      | Identified a scroll of acquirement
  8080 | D:7      | Gained mutation: You tend to lose your temper in combat. [mutagenic meat]
  8081 | D:7      | Gained mutation: Your magical capacity is low. (-10% MP) [mutagenic meat]
  8082 | D:7      | Gained mutation: You are weak. (Str -2) [mutagenic meat]
  8083 | D:7      | Gained mutation: You are dopey. (Int -2) [mutagenic meat]
  8092 | D:7      | Reached ** piety under Okawaru
  8138 | D:7      | Reached skill level 12 in Bows
  8594 | D:8      | Found a staircase to the Lair.
  8886 | D:8      | Noticed Erica
  8902 | D:8      | Killed Erica
  8902 | D:8      | Reached *** piety under Okawaru
  8902 | D:8      | Reached skill level 10 in Fighting
  8902 | D:8      | Reached skill level 13 in Bows
  9089 | D:8      | Reached XP level 10. HP: 93/93 MP: 9/9
  9325 | D:8      | Identified Qacuheih's Introduction to the Arcane Arts
  9346 | D:8      | Found a sacrificial altar of Ru.
  9346 | D:8      | Found a burning altar of Makhleb.
  9794 | D:9      | Gained mutation: Scrolls take you a little longer to read. [mutagenic meat]
  9795 | D:9      | Gained mutation: You are clumsy. (Dex -2) [mutagenic meat]
  9820 | D:9      | Found a sparkling altar of Nemelex Xobeh.
  9820 | D:9      | Found a bloodstained altar of Trog.
  9825 | D:9      | Found an ancient bone altar of Kikubaaqudgha.
  9827 | D:9      | Found a radiant altar of Vehumet.
  9829 | D:9      | Found a shadowy altar of Dithmenos.
  9852 | D:9      | Found Untet's Jewellery Shop.
  9855 | D:9      | Noticed Erolcha
  9860 | D:9      | Killed Erolcha
  9860 | D:9      | Received a gift from Okawaru
  9880 | D:9      | Reached **** piety under Okawaru
 10012 | D:7      | Bought a scroll of identify for 28 gold pieces
 10166 | D:10     | Entered Level 10 of the Dungeon
 10262 | D:9      | Noticed Psyche
 10266 | D:9      | Killed Psyche
 10266 | D:9      | Reached skill level 14 in Bows
 10456 | D:9      | Received a gift from Okawaru
 10891 | D:10     | Noticed Joseph
 10899 | D:10     | Killed Joseph
 10899 | D:10     | Reached ***** piety under Okawaru
 10900 | D:10     | Noticed an unseen horror
 10906 | D:10     | Killed an unseen horror
 10906 | D:10     | Received a gift from Okawaru
 10906 | D:10     | Reached skill level 15 in Bows
 10958 | D:10     | Reached XP level 11. HP: 71/104 MP: 8/9
 11123 | D:10     | Noticed an unseen horror
 11125 | D:10     | Killed an unseen horror
 11138 | D:10     | Noticed a hill giant
 11146 | D:10     | Killed a hill giant
 11150 | D:10     | Found a staircase to the Orcish Mines.
 11427 | D:11     | Received a gift from Okawaru
 11913 | D:11     | Noticed Josephine
 11919 | D:11     | Killed Josephine
 11919 | D:11     | Received a gift from Okawaru
 11919 | D:11     | Reached skill level 16 in Bows
 12036 | D:11     | Noticed Harold
 12059 | D:11     | Killed Harold
 12445 | D:11     | Noticed a purple ugly thing
 12452 | D:11     | Killed a purple ugly thing
 12552 | D:12     | Noticed Azrael
 12570 | D:12     | Killed from afar by Azrael

Vault maps used:
D:1:      dpeg_arrival_chase, minmay_misc_feat_roman,
          hangedman_decor_diamond_cutter, roderic_nine_men_s_morris
D:2:      uniq_iyjb
D:3:      first_bread, makhleb_blood_cavern_becter
D:4:      nicolae_tso_swordbearing_angel, minmay_misc_feat_pillars, bloody_trog
D:5:      old_forge, uniq_blork_the_orc, uniq_menkaure
D:6:      basic_altar
D:7:      serial_shops, shop_scrolls, nicolae_ossuary_entry_ruins, uniq_duvessa
D:8:      gammafunk_temple_overflow_elements, lair_0_dummy,
          hangedman_little_slice_of_home, uniq_erica
D:9:      chequers_temple_overflow_minitemple, serial_shops, nicolae_shop_trees,
          uniq_psyche, uniq_erolcha
D:10:     orc_0_dummy, kennysheep_generic_room_5, uniq_joseph
D:11:     pond, uniq_harold, uniq_josephine
D:12:     minmay_blocky_corners, uniq_azrael, uniq_frances, uniq_rupert
Temple:   cyrus_circular_temple
Ossuary:  ossuary_tomb_3

Skill      XL: |  1  2  3  4  5  6  7  8  9 10 11 |
---------------+----------------------------------+-----
Short Blades   | 1 2 3 |  3.3
Fighting       | 3 4 6 8 10 11 13 | 13.2
Bows           | 6 7 9 11 13 15 16 | 16.8
Dodging        | |  1.3
Stealth        | |  0.4

Action                   |  1- 3 |  4- 6 |  7- 9 | 10-12 || total
-------------------------+-------+-------+-------+-------++-------
Melee: Short sword       |   114 |   188 |     9 |       ||   311
       Kick              |    19 |    44 |     6 |       ||    69
       Unarmed           |    14 |       |       |       ||    14
 Fire: Shortbow          |       |    48 |   378 |       ||   426
       Longbow           |       |       |    97 |   323 ||   420
  Use: Scroll            |       |       |    22 |     7 ||    29
 Stab: Confused          |     1 |       |       |       ||     1
  Eat: Chunk             |     1 |     5 |    10 |     5 ||    21
       Bread ration      |       |     1 |     1 |     1 ||     3
Armor: Leather armour    |    20 |    62 |    10 |       ||    92
       Ring mail         |       |       |    38 |    46 ||    84
Dodge: Dodged            |    59 |    87 |    53 |    34 ||   233
